 Dungeon Crawl Stone Soup version 0.29.0-4-gdea44cf6ec (webtiles) character file.

Game seed: 2193088326499393968

128 qw the Chopper (level 5, -2/30 HPs)
             Began as a Tengu Warper on Aug 28, 2022.
             Slain by an orc warrior
             ... wielding a +0 mace
              (6 damage)
             ... on level 4 of the Dungeon.
             The game lasted 00:00:16 (3164 turns).

qw the Chopper (Tengu Warper)                       Turns: 3164, Time: 00:00:17

Health: -2/30      AC: 12    Str: 20    XL:     5   Next: 11%
Magic:  9/9        EV:  7    Int: 13    God:
Gold:   182        SH:  0    Dex: 13    Spells: 8/8 levels left

rFire   . . .      SeeInvis .   a - +0 war axe
rCold   . . .      Faith    .   (no shield)
rNeg    . . .      Spirit   .   e - +1 plate armour
rPois   .          Reflect  .   (helmet restricted)
rElec   .          Harm     .   (no cloak)
rCorr   .          Rampage  .   (no gloves)
Will    .....                   (boots unavailable)
Stlth   ..........              (no amulet)
HPRegen 0.10/turn               d - +6 ring of strength
MPRegen 0.11/turn               (no ring)

@: about to teleport, flying quickly and evasively, quick
A: beak, talons 3, nimble flight, subdued magic 1, MP-powered wands, noise
suppression
a: no special abilities


You were on level 4 of the Dungeon.
You visited 1 branch of the dungeon, and saw 4 of its levels.

You collected 182 gold pieces.


Innate Abilities, Weirdness & Mutations

You have a beak for a mouth.
You have claws for feet.
Your magical nature lets you fly swiftly and evasively.
Your spells are a little easier to cast, but a little less powerful.
You expend magic power (3 MP) to strengthen your wands.
You passively dampen the noise of your surroundings.


   Skills:
 - Level 2.0 Fighting
 + Level 5.2 Axes
 - Level 1.0 Throwing
 - Level 2.2 Armour
 - Level 2.1 Dodging
 - Level 2.0 Spellcasting
 - Level 2.4 Translocations


You had 8 spell levels left.
You didn't know any spells.
Your spell library contained the following spells:

 Spells                   Type           Power      Damage    Failure   Level
 Blink                    Tloc           10%        N/A       99%         2
 Gell's Gravitas          Tloc           5%         N/A       100%        3
 Lesser Beckoning         Tloc           5%         N/A       100%        3
 Teleport Other           Tloc           5%         N/A       100%        3
 Manifold Assault         Tloc           5%         N/A       100%        5

Inventory:

Hand Weapons
 a - a +0 war axe (weapon)
 l - a +0 flail
Armour
 e - a +1 plate armour (worn)
Jewellery
 d - a +6 ring of strength (left hand)
Scrolls
 c - a scroll of teleportation
 f - a scroll of vulnerability {unknown}
 h - a scroll of identify
Potions
 b - a potion of invisibility {unknown}
 g - a potion of heal wounds
 j - 3 potions of curing
 k - a potion of mutation

Dungeon Overview and Level Annotations

Branches:
Dungeon (4/15)
 Temple: D:4-7

Altars:
The Shining One


Message History

The orc is heavily wounded.
The orc barely misses you.
You hit the orc.
The orc is severely wounded.
The orc barely misses you. x2
You barely miss the orc. You claw the orc.
You kill the orc!
Items here: % )) [[.
Found a large rock.
An orc comes into view. It is wielding a +0 mace.
3141 ||| Stepping ~*~*~tactically~*~*~ (stealth).
Items here: % )) [[.
The orc throws a stone.
The stone hits you but does no damage.
The orc throws a stone.
The stone hits you but does no damage.
The orc throws a stone.
The stone hits you but does no damage.
The orc throws a stone.
The stone closely misses you.
You hit the orc but do no damage. You peck the orc.
The orc is lightly wounded.
The orc barely misses you. The orc hits you but does no damage.
You slash the orc!
You kill the orc!
Things that are here:
a +0 mace; 4 stones; a +0 chain mail An orc warrior comes into view.
It is wielding a +0 mace.
An orc priest comes into view. It is wielding a +0 flail.
3161 ||| Stepping ~*~*~tactically~*~*~ (stealth).
The orc priest shouts!
You hit the orc warrior but do no damage.
The orc warrior hits you with a +0 mace!
You hit the orc warrior but do no damage.
You claw the orc warrior, but do no damage.
The orc warrior hits you with a +0 mace.
The orc priest calls down the wrath of Beogh upon you.
Beogh smites you!
You hear a shout!
3164 ||| READING 2 scrolls of teleportation.
As you read the scroll of teleportation, it crumbles to dust.
You feel strangely unstable.
The orc warrior hits you with a +0 mace.
You die...

#.#.#...............
#.#)..##........#...
##....###........#.##
####................#.##
#..................%#...
###.#..)..............<.##
#......###.....##.#....##
#....#..).####.###.?..<##
.....##..#.@# ## #...##
...## ##.##o.# #... ..
#/##...(. ....
..###...88.#. ..# .$.o..#.
##.# ###..## #. ###


You could see an orc warrior and an orc priest.

Vanquished Creatures
  Jessica (D:3)
  An orc wizard (D:4)
  2 adders
  A dart slug (D:2)
  3 orcs (D:4)
  5 ball pythons
  4 bats
  3 endoplasms
  A giant cockroach (D:2)
  5 goblins
  7 hobgoblins
  6 quokkas
  A frilled lizard (D:1)
  5 kobolds
  2 rats (D:3)
47 creatures vanquished.

Notes
Turn   | Place    | Note
-------+----------+-------------------------------------------
     0 | D:1      | qw the Tengu Warper began the quest for the Orb.
     0 | D:1      | Reached XP level 1. HP: 12/12 MP: 4/4
     0 | D:1      | 0 ||| qw: Version: 0.1-a-89-g26bdef1
     0 | D:1      | 0 ||| qw: Game counter: 2976
     0 | D:1      | 0 ||| qw: Always use a shield: true
     0 | D:1      | 0 ||| qw: God list: Okawaru
     0 | D:1      | 0 ||| qw: Allow faded altars: false
     0 | D:1      | 0 ||| qw: Do Orc after D:15 true
     0 | D:1      | 0 ||| qw: Do second Lair branch before Depths: true
     0 | D:1      | 0 ||| qw: Lair rune preference: random
     0 | D:1      | 0 ||| qw: Plans: Normal
     0 | D:1      | 0 ||| PLANNING D:1-11
    60 | D:1      | 60 ||| Stepping ~*~*~tactically~*~*~ (stealth).
    90 | D:1      | Reached skill level 3 in Axes
    90 | D:1      | Reached XP level 2. HP: 17/17 MP: 6/6
   190 | D:1      | Found a faded altar of an unknown god.
   817 | D:1      | 817 ||| Stepping ~*~*~tactically~*~*~ (stealth).
   836 | D:1      | 836 ||| DROPPING +0 club.
   853 | D:1      | Reached XP level 3. HP: 21/21 MP: 7/7
  1058 | D:1      | 1058 ||| READING scroll labelled BAEPEM JAVY.
  1062 | D:1      | 1062 ||| READING scroll labelled LIPHEI MUJUPHO.
  1063 | D:1      | 1063 ||| READING 3 scrolls labelled ZOIVEL CUUC.
  1064 | D:1      | 1064 ||| READING scroll labelled FACWUL LYSMIL.
  1065 | D:1      | 1065 ||| READING scroll labelled QOJ BORROOXZEM.
  1066 | D:1      | 1066 ||| DRINKING 2 inky potions.
  1067 | D:1      | 1067 ||| DRINKING 2 glowing coppery potions.
  1067 | D:1      | Gained mutation: Your spells are a little easier to cast,
                  | but a little less powerful. [potion of mutation]
  1067 | D:1      | Gained mutation: You expend magic power (3 MP) to
                  | strengthen your wands. [potion of mutation]
  1067 | D:1      | Gained mutation: You passively dampen the noise of your
                  | surroundings. [potion of mutation]
  1068 | D:1      | 1068 ||| READING 2 scrolls of identify.
  1068 | D:1      | 1068 ||| IDENTIFYING brown potion
  1069 | D:1      | 1069 ||| DROPPING scroll of blinking.
  1151 | D:2      | Reached skill level 4 in Axes
  1465 | D:2      | 1465 ||| Stepping ~*~*~tactically~*~*~ (hiding).
  1573 | D:2      | Found a glowing golden altar of the Shining One.
  1890 | D:2      | 1890 ||| UPGRADING to +0 chain mail.
  1900 | D:2      | 1900 ||| DROPPING +0 leather armour.
  1901 | D:2      | 1901 ||| UPGRADING to +6 ring of strength.
  2015 | D:3      | Reached XP level 4. HP: 15/26 MP: 8/8
  2162 | D:3      | 2162 ||| FLEEEEING.
  2169 | D:3      | 2169 ||| FLEEEEING.
  2170 | D:3      | 2170 ||| FLEEEEING.
  2175 | D:3      | 2175 ||| STAIRDANCE
  2707 | D:3      | Noticed Jessica
  2710 | D:3      | Killed Jessica
  2711 | D:3      | Reached skill level 5 in Axes
  2893 | D:3      | 2893 ||| UPGRADING to +0 plate armour.
  2903 | D:3      | 2903 ||| DROPPING +0 chain mail.
  2904 | D:3      | 2904 ||| READING scroll labelled BUENOM ZAUPP.
  2905 | D:3      | 2905 ||| READING scroll labelled ESOEMASUFY.
  3008 | D:4      | 3008 ||| SWAPPING to +0 war axe.
  3017 | D:4      | 3017 ||| DROPPING +0 hand axe of electrocution.
  3072 | D:4      | 3072 ||| READING scroll of enchant armour.
  3072 | D:4      | 3072 ||| ENCHANTING +0 plate armour.
  3123 | D:4      | 3123 ||| Stepping ~*~*~tactically~*~*~ (hiding).
  3131 | D:4      | 3131 ||| Stepping ~*~*~tactically~*~*~ (stealth).
  3132 | D:4      | 3132 ||| Stepping ~*~*~tactically~*~*~ (stealth).
  3134 | D:4      | Gained mutation: Your magical nature lets you fly swiftly
                  | and evasively. [Tengu growth]
  3134 | D:4      | Reached XP level 5. HP: 30/30 MP: 9/9
  3141 | D:4      | 3141 ||| Stepping ~*~*~tactically~*~*~ (stealth).
  3156 | D:4      | Noticed an orc warrior
  3161 | D:4      | 3161 ||| Stepping ~*~*~tactically~*~*~ (stealth).
  3163 | D:4      | HP: 4/30 [orc priest/divine providence (10)]
  3164 | D:4      | 3164 ||| READING 2 scrolls of teleportation.
  3164 | D:4      | Slain by an orc warrior

Levels and vault maps discovered:
D:1:      dpeg_arrival_refuge, layout_loops_ring,
          nicolae_ecumenical_lake_church, minmay_pentomino_r4
D:2:      layout_basic, basic_altar
D:3:      layout_loops_ring, glass_columns_c, nicolae_underground_beach,
          uniq_jessica
D:4:      layout_rooms, grunt_temple_overflow_open, guppyfry_early_orc_mine

Skill      XL: |  1  2  3  4 |
---------------+-------------+-----
Axes           | 3 4 5 |  5.2
Armour         | 2 |  2.2
Fighting       | |  2.0
Throwing       | |  1.0
Dodging        | |  2.1
Spellcasting   | |  2.0
Translocations | |  2.4

Action                   |  1- 3 |  4- 6 || total
-------------------------+-------+-------++-------
Melee: Hand axe          |    78 |    11 ||    89
       Kick              |    16 |     6 ||    22
       Peck              |     6 |     5 ||    11
       Punch             |     2 |       ||     2
       War axe           |       |    22 ||    22
Throw: Boomerang         |     7 |       ||     7
  Use: Scroll            |     6 |     4 ||    10
       Potion            |     2 |       ||     2
Armor: Leather armour    |    17 |       ||    17
       Chain mail        |     6 |     4 ||    10
       Plate armour      |       |    19 ||    19
Dodge: Dodged            |    47 |    12 ||    59

Table legend:
 A = Non-vault XP
 B = Vault XP
 C = Vault XP percentage of total XP
 D = Non-vault monster count
 E = Vault monster count
 F = Vault count percentage of total count
                 A         B        C        D         E       F
            +---------+---------+-------+---------+---------+-------
      Total |      97 |      86 |  47.0 |      40 |       7 |  14.9
            +---------+---------+-------+---------+---------+-------
        D:1 |      34 |       4 |  10.5 |      19 |       2 |   9.5
        D:2 |      36 |       0 |   0.0 |      12 |       0 |   0.0
        D:3 |      21 |      37 |  63.8 |       6 |       1 |  14.3
        D:4 |       6 |      45 |  88.2 |       3 |       4 |  57.1
            +---------+---------+-------+---------+---------+-------
